 Dungeon Crawl Stone Soup version 0.28-a0-563-gf77a47075d (webtiles) character file.

Game seed: 16635007098705064919

48 avis the Insei (level 3, -3/26 HPs)
             Began as an Octopode Transmuter on Oct 1, 2021.
             Killed from afar by an orc wizard (8 damage)
             ... with a magic dart
             ... on level 2 of the Dungeon.
             The game lasted 00:09:29 (1980 turns).

avis the Insei (Octopode Transmuter)                Turns: 1980, Time: 00:09:29

Health: -3/26      AC:  2    Str: 10    XL:     3   Next: 72%
Magic:  4/6        EV: 19    Int: 15    God:
Gold:   51         SH:  0    Dex: 17    Spells: 2/6 levels left

rFire   . . .      SeeInvis .     - Unarmed
rCold   . . .      Faith    .   (shield currently unavailable)
rNeg    . . .      Spirit   .   (helmet currently unavailable)
rPois   x          Reflect  .   (no amulet)
rElec   .          Harm     .   (no ring)
rCorr   .          Rampage  .   (no ring)
Will    .....                   (no ring)
Stlth   ++........              (no ring)
HPRegen 0.08/turn               (no ring)
MPRegen 0.10/turn               (no ring)
                                (no ring)
                                (no ring)

@: spider-form (expiring)
A: venomous fangs, almost no armour, (amphibious), 8 rings, tiny, (camouflage
1), (gelatinous body 1), (nimble swimmer 1), (tentacles)
a: End Transformation


You were on level 2 of the Dungeon.
You were a venomous arachnid creature.
You visited 1 branch of the dungeon, and saw 3 of its levels.

You collected 51 gold pieces.

Inventory:

Hand Weapons
 e - a +0 war axe (melded)
Missiles
 c - 21 sling bullets
 f - 32 stones
 h - 4 silver javelins
Scrolls
 a - 3 scrolls of identify {unknown}
 b - a scroll of immolation {unknown}
 g - a scroll of torment {unknown}
 i - a scroll of fear {unknown}
 j - a scroll of teleportation {unknown}
 k - a scroll of enchant armour {unknown}
Potions
 d - 3 potions of flight {unknown}
 l - a potion of lignification {unknown}


   Skills:
 - Level 3.0 Fighting
 - Level 2.0 Dodging
 - Level 3.0 Unarmed Combat
 - Level 2.0 Spellcasting
 - Level 2.0 Transmutations
 * Level 1.9 Poison Magic


You had 2 spell levels left.
You knew the following spells:

 Your Spells              Type           Power      Damage    Failure   Level
a - Beastly Appendage     Tmut           14%        N/A       24%         1
p - Spider Form           Tmut/Pois      3%         N/A       52%         3

Your spell library contained the following spells:

 Spells                   Type           Power      Damage    Failure   Level
 Wereblood                Tmut           7%         N/A       32%         2
 Ice Form                 Ice/Tmut       4%         N/A       93%         4
 Iskenderun's Battlesphe  Conj           1%         2d6       100%        5
 Iron Shot                Conj/Erth      0%         9d1       100%        6
 Spellforged Servitor     Conj/Summ      0%         N/A       100%        7


Dungeon Overview and Level Annotations

Branches:
Dungeon (3/15)

Altars:


Innate Abilities, Weirdness & Mutations

You are a venomous arachnid creature.
You have poisonous fangs.
You are tiny and dextrous.
Your spellcasting is less reliable in this form.
Your armour is entirely melded.
You are incapable of wielding weapons or throwing items.
You cannot wear most types of armour.
((You are amphibious.))
You can wear up to eight rings at the same time.
((Your skin changes colour to match your surroundings (Stealth+).))
((Your rubbery body absorbs attacks. (AC +1, EV +1)))
((You are camouflaged near water. (Stealth+)))
((You have tentacles for arms and can constrict up to eight enemies at once.))


Message History

The orc wizard misses you.
You climb upwards.
There is a stone staircase leading down here.
You hit the orc wizard but do no damage.
The orc wizard points at you and mumbles some strange words.
The puff of flame hits you!
You closely miss the orc wizard. The orc wizard misses you.
You hit the orc wizard.
The orc wizard is lightly wounded.
The orc wizard hits you but does no damage.
You hit the orc wizard.
The orc wizard is lightly wounded.
The orc wizard closely misses you.
You hit the orc wizard but do no damage.
The orc wizard is lightly wounded.
The orc wizard gestures at you while chanting.
You are confused.
You bump into the rock wall.
Your transformation is almost over.
The orc wizard gestures at you while chanting.
The puff of flame hits you!
* * * LOW HITPOINT WARNING * * *
You bump into the rock wall.
The orc wizard misses you.
You're too confused to move!
The orc wizard completely misses you.
You bump into the rock wall.
The orc wizard closely misses you.
You feel less confused.
Things that are here:
a +0 hand axe; an orc corpse You barely miss the orc wizard.
The orc wizard is lightly wounded.
The orc wizard hits you with a +0 dagger.
* * * LOW HITPOINT WARNING * * *
You closely miss the orc wizard.
The orc wizard is lightly wounded.
The orc wizard barely misses you.
You hit the orc wizard.
The orc wizard is heavily wounded.
The orc wizard points at you and mumbles some strange words.
The magic dart hits you!
You die...

.......)...........#
##.##.############.#
..........### #.##############
...##.###.#.######...............
...........#.......##############
..........###.###...##
#..........#.###).#..######
#..##.###.#....>o###......#
#..##.# #.#.####s.#..####.#
#..##.# #.#.# ##...## #.#
#...#.###.#.# ##.## #.#
.)....รท...#.# #.# #.#######
###.#.....#.# #.# #.......# #
#.#####.#.# #.# #######.# # #.#
#.#.# #.# #.# ###.# #.#.# ###.#
#####.. ....# #.#.# #...# #.....#


You could see an orc wizard.

Vanquished Creatures
  An adder (D:2)
  A dart slug (D:2)
  2 orcs (D:2)
  3 endoplasms
  2 giant cockroaches
  2 goblins
  7 hobgoblins
  2 jackals (D:1)
  A kobold (D:2)
  A ball python (D:1)
  5 bats
  2 frilled lizards
  2 rats (D:1)
31 creatures vanquished.

Vanquished Creatures (others)
  A fungus (D:1)
  3 plants (D:1)
4 creatures vanquished.

Grand Total: 35 creatures vanquished

Notes
Turn   | Place    | Note
-------+----------+-------------------------------------------
     0 | D:1      | avis the Octopode Transmuter began the quest for the Orb.
     0 | D:1      | Reached XP level 1. HP: 13/13 MP: 3/3
    50 | D:1      | Reached XP level 2. HP: 14/19 MP: 3/5
   683 | D:1      | Found a faded altar of an unknown god.
  1120 | D:2      | Reached XP level 3. HP: 24/25 MP: 4/6
  1124 | D:2      | Learned a level 3 spell: Spider Form
  1278 | D:2      | Reached skill level 1 in Poison Magic
  1980 | D:2      | Killed from afar by an orc wizard

Illustrated notes

Levels and vault maps discovered:
D:1:      dpeg_arrival_fog, layout_loops_ring,
          shapermc_ecumenical_altar_mp_ritualfount
D:2:      layout_loops_ring
D:3:      layout_rooms, tgw_kikubaaqudgha, mainiacjoe_overflow_brackets,
          serial_shops, nicolae_square_shop, nicolae_shop_overgrown_old_shop,
          nicolae_square_shop, nicolae_shop_crystal

Skill      XL: |  1  2  3 |
---------------+----------+-----
Fighting       | 2 3 |  3.0
Poison Magic   | 1 |  1.9
Dodging        | |  2.0
Unarmed Combat | |  3.0
Spellcasting   | |  2.0
Transmutations | |  2.0

Action                   || total
-------------------------++-------
Melee: Unarmed           ||    49
       Constrict         ||    13
       Tentacles         ||    11
       Kick              ||     4
       War axe           ||    25
       Punch             ||     2
 Cast: Beastly Appendage ||    18
       Spider Form       ||     9
 Stab: Sleeping          ||     6
Armor: Skin              ||     4
Dodge: Dodged            ||    45

Table legend: (Time is in decaauts)
 A = Elapsed time spent in this place.
 B = Non-inter-level travel time spent in this place.
 C = Inter-level travel time spent in this place.
 D = Time resting spent in this place.
 E = Time spent auto-exploring this place.
 F = Levels seen in this place.
 G = Mean time per level.
                   A        B        C        D        E       F      G
               +--------+--------+--------+--------+--------+-----+--------+
         Total |   1992 |   1880 |    112 |    358 |   1017 |   3 |  664.0 |
       Dungeon |   1992 |   1880 |    112 |    358 |   1017 |   3 |  664.0 |
               +--------+--------+--------+--------+--------+-----+--------+

Top non-repeatable levels by time:
     D:2: 1036 daAuts
     D:1: 951 daAuts
     D:3: 4 daAuts
